 Dungeon Crawl Stone Soup version 0.31-a0-196-g86fe4a5e66 (webtiles) character file.

Game seed: 14871725783373931321

641 qw the Skirmisher (level 7, -4/40 HPs)
             Began as a Deep Elf Hunter on June 24, 2023.
             Killed by nerve-wracking pain
             ... invoked by an orc priest
              (7 damage)
             ... on level 4 of the Dungeon.
             The game lasted 00:01:28 (3270 turns).

qw the Skirmisher (Deep Elf Hunter)                 Turns: 3270, Time: 00:01:28

Health: -4/40      AC: 11    Str: 10    XL:     7   Next: 26%
Magic:  9/9        EV:  9    Int: 14    God:
Gold:   46         SH:  0    Dex: 18    Spells: 6/6 levels left

rFire   . . .        Y - +1 shortbow
rCold   . . .        (shield currently unavailable)
rNeg    . . .        g - +0 scale mail
rPois   .            j - +2 helmet
rElec   .            b - +1 cloak
rCorr   .            (no gloves)
SInv    .            (no boots)
Will    .....        (no amulet)
Stlth   +            (no ring)
HPRegen 0.26/turn    (no ring)
MPRegen 0.11/turn

%: no passive effects
@: no status effects
A: no striking features
a: no special abilities


You were on level 4 of the Dungeon.
You visited 1 branch of the dungeon, and saw 4 of its levels.
You also visited: Sewer.

You collected 136 gold pieces.
You spent 90 gold pieces at shops.


   Skills:
 - Level 2.0 Fighting
 + Level 10.9 Ranged Weapons
 - Level 1.8 Armour
 - Level 2.4 Dodging
 - Level 1.2 Stealth


You had 6 spell levels left.
You didn't know any spells.
Your spell library was empty.

Inventory:

Hand Weapons
 Y - a +1 shortbow (weapon)
Armour
 a - a +0 ring mail of poison resistance
 b - a +1 cloak (worn)
 g - a +0 scale mail (worn)
 j - a +2 helmet (worn)
 k - a +0 pair of gloves
Scrolls
 h - 2 scrolls of identify
Potions
 c - a potion of experience {unknown}
 f - a potion of enlightenment
 i - a potion of attraction {unknown}
 l - a potion of haste
 m - 3 potions of curing

Dungeon Overview and Level Annotations

Branches:
Dungeon (4/15)              Sewer (visited)
 Temple: D:4-7

Altars:
Qazlal
Zin


Message History

The orc warrior is heavily wounded.
The orc warrior hits you with a +0 flail!
The orc priest hits you but does no damage.
You shoot an arrow. The arrow hits the orc warrior.
The orc warrior is severely wounded.
The orc warrior barely misses you.
The orc priest hits you but does no damage.
You shoot an arrow.
The arrow hits the orc warrior but does no damage.
The orc warrior is severely wounded.
The orc warrior hits you but does no damage.
The orc priest hits you but does no damage.
You shoot an arrow.
The arrow hits the orc warrior but does no damage.
The orc warrior is severely wounded.
The orc warrior hits you with a +0 flail!
The orc priest hits you but does no damage.
The orc warrior closely misses you.
The orc priest hits you with a +0 hand axe.
You shoot an arrow.
The arrow hits the orc warrior but does no damage.
The orc warrior is heavily wounded.
The orc priest invokes the aid of Beogh against you.
Beogh smites you!
The orc warrior hits you but does no damage.
You shoot an arrow.
The arrow closely misses the orc warrior.
The orc priest closely misses you.
The orc warrior hits you but does no damage.
You shoot an arrow. The arrow hits the orc warrior.
The orc warrior is severely wounded.
The orc priest casts a cantrip, but nothing happens.
The orc warrior hits you but does no damage.
You shoot an arrow.
The arrow hits the orc warrior but does no damage.
The orc warrior is severely wounded.
The orc warrior completely misses you.
The orc priest mumbles some strange prayers to Beogh against you.
Pain shoots through your body!
You die...

###......## ##.......##
..)....### ......## ###.
)......###..
...........####### .#
.........#.##.)#.# #..#
...........#.##.##...#
.....)......##.#@o..#
.........#.###.#o#.#.#
...........# .(....#
...........##.#.88)##
...........#####..(.##
...........# #.....
.#.........#######.####.#
..###..........oo.......#
#.#############o....##..#


You could see an orc warrior and an orc priest.

Vanquished Creatures
  Sigmund (D:4)
  An ogre (D:4)
  A scorpion (D:4)
  2 orc priests (D:4)
  A hell rat (Sewer)
  2 orc wizards (D:4)
  3 gnolls (D:3)
  4 adders
  2 river rats (Sewer)
  3 worms
  3 dart slugs
  9 orcs (D:4)
  8 endoplasms
  4 giant cockroaches
  3 goblins
  7 hobgoblins
  7 jackals (D:4)
  6 kobolds
  5 quokkas
  4 ball pythons
  8 bats
  3 frilled lizards
  12 rats
99 creatures vanquished.

Notes
Turn   | Place    | Note
-------+----------+-------------------------------------------
     0 | D:1      | qw the Deep Elf Hunter began the quest for the Orb.
     0 | D:1      | Reached XP level 1. HP: 12/12 MP: 3/3
     0 | D:1      | 0 ||| qw: Version: 0.3-a-9-g12657ce
     0 | D:1      | 0 ||| qw: Game counter: 4828
     0 | D:1      | 0 ||| qw: Always use a shield: true
     0 | D:1      | 0 ||| qw: God list: Okawaru
     0 | D:1      | 0 ||| qw: Allow faded altars: false
     0 | D:1      | 0 ||| qw: Do Orc after D:15 true
     0 | D:1      | 0 ||| qw: Do second Lair branch before Depths: true
     0 | D:1      | 0 ||| qw: Lair rune preference: random
     0 | D:1      | 0 ||| qw: Plans: Normal
     0 | D:1      | 0 ||| PLANNING D:1-11
    98 | D:1      | Reached XP level 2. HP: 16/16 MP: 4/4
   109 | D:1      | Reached skill level 6 in Ranged Weapons
   952 | D:1      | 952 ||| READING 2 scrolls labelled GAPEQ RASEO.
   953 | D:1      | 953 ||| READING scroll labelled MATUDD CEIPP.
   954 | D:1      | 954 ||| READING scroll labelled ASO XEECVYMP.
   958 | D:1      | 958 ||| READING 2 scrolls labelled MIUFFI TIUJUUR.
   959 | D:1      | 959 ||| READING scroll labelled USKOIM COASSY.
   960 | D:1      | 960 ||| READING scroll labelled HUNAXK IHUCK.
   961 | D:1      | 961 ||| DROPPING scroll of butterflies.
   985 | D:2      | Reached XP level 3. HP: 20/20 MP: 5/5
  1066 | D:2      | Reached skill level 7 in Ranged Weapons
  1644 | D:2      | 1644 ||| UPGRADING to +0 cloak.
  1649 | D:2      | 1649 ||| UPGRADING to +0 scale mail.
  1659 | D:2      | 1659 ||| DROPPING +0 leather armour.
  1660 | D:2      | 1660 ||| UPGRADING to +2 helmet.
  1665 | D:2      | 1665 ||| READING scroll of enchant armour.
  1665 | D:2      | 1665 ||| ENCHANTING +0 cloak.
  1666 | D:2      | 1666 ||| DRINKING 2 clear potions.
  1756 | D:3      | Found a faded altar of an unknown god.
  1826 | D:3      | Reached XP level 4. HP: 25/25 MP: 6/6
  1868 | D:3      | Found Zin's Purification Station.
  1871 | D:3      | Found a glowing silver altar of Zin.
  1874 | D:3      | 1874 ||| BUYING potion of curing (90 gold).
  1874 | D:3      | Bought a potion of curing for 90 gold pieces
  1897 | D:3      | Found a stormy altar of Qazlal.
  2055 | D:3      | 2055 ||| READING scroll labelled JEPUDEA RAIW.
  2056 | D:3      | 2056 ||| READING scroll labelled YCASHR KAUFF.
  2057 | D:3      | 2057 ||| READING 5 scrolls of identify.
  2057 | D:3      | 2057 ||| IDENTIFYING grey potion
  2058 | D:3      | 2058 ||| READING 4 scrolls of identify.
  2058 | D:3      | 2058 ||| IDENTIFYING smoky cyan potion
  2059 | D:3      | 2059 ||| READING 3 scrolls of identify.
  2059 | D:3      | 2059 ||| IDENTIFYING sedimented cyan potion
  2060 | D:3      | 2060 ||| READING 2 scrolls of identify.
  2060 | D:3      | 2060 ||| IDENTIFYING pink potion
  2061 | D:3      | 2061 ||| DROPPING potion of brilliance.
  2062 | D:3      | 2062 ||| DROPPING potion of lignification.
  2074 | D:4      | 2074 ||| PLANNING SEWER
  2079 | D:4      | Reached skill level 8 in Ranged Weapons
  2087 | D:4      | Noticed a scorpion
  2091 | D:4      | Killed a scorpion
  2092 | D:4      | Reached skill level 1 in Armour
  2092 | D:4      | Reached XP level 5. HP: 29/29 MP: 7/7
  2108 | D:4      | Noticed an ogre
  2117 | D:4      | HP: 2/29 [ogre/+0 giant spiked club (17)]
  2118 | D:4      | 2118 ||| DRINKING potion of heal wounds.
  2121 | D:4      | Killed an ogre
  2211 | D:4      | Reached skill level 9 in Ranged Weapons
  2213 | D:4      | Reached XP level 6. HP: 35/35 MP: 8/8
  2226 | D:4      | Found a glowing drain.
  2244 | Sewer    | Entered a sewer
  2291 | Sewer    | 2291 ||| Stepping ~*~*~tactically~*~*~ (water).
  2407 | Sewer    | 2407 ||| READING scroll labelled HOUMI LILUALA.
  2408 | Sewer    | 2408 ||| READING scroll labelled NICLELLUFRE.
  2419 | D:4      | 2419 ||| PLANNING OSSUARY
  2445 | D:4      | 2445 ||| FLEEEEING.
  2446 | D:4      | 2446 ||| FLEEEEING.
  2564 | D:4      | Noticed Sigmund
  2575 | D:4      | Killed Sigmund
  2576 | D:4      | Reached skill level 10 in Ranged Weapons
  2669 | D:4      | Reached XP level 7. HP: 40/40 MP: 9/9
  2817 | D:4      | 2817 ||| RIP OSSUARY
  2869 | D:4      | 2869 ||| PLANNING D:1-11
  3107 | D:4      | 3107 ||| Stepping ~*~*~tactically~*~*~ (outnumbered).
  3109 | D:4      | 3109 ||| FLEEEEING.
  3110 | D:4      | 3110 ||| FLEEEEING.
  3111 | D:4      | 3111 ||| FLEEEEING.
  3119 | D:4      | HP: 2/40 [orc priest/divine providence (14)]
  3120 | D:4      | 3120 ||| READING scroll of teleportation.
  3121 | D:4      | 3121 ||| DRINKING potion of heal wounds.
  3241 | D:4      | 3241 ||| Stepping ~*~*~tactically~*~*~ (outnumbered).
  3267 | D:4      | HP: 2/40 [orc priest/divine providence (12)]
  3270 | D:4      | Killed from afar by an orc priest

Levels and vault maps discovered:
D:1:      dpeg_arrival_arbitrary_b, layout_basic
D:2:      layout_loops_cross
D:3:      layout_rooms, zin_purify, mainiacjoe_overflow_catwalk,
          basic_ecumenical_altar
D:4:      layout_cave_pods, lightli_ossuary_entry_decrepit_ruins, serial_shops,
          nicolae_shop_back_alley_shop, cheibrodos_sewer_entry_drain,
          guppyfry_early_orc_mine, uniq_sigmund

Skill      XL: |  1  2  3  4  5  6 |
---------------+-------------------+-----
Ranged Weapons | 6 7 8 9 10 | 10.9
Armour         | 1 |  1.8
Fighting       | 2 |  2.0
Dodging        | |  2.4
Stealth        | |  1.2

Action                     |  1- 3 |  4- 6 |  7- 9 || total
---------------------------+-------+-------+-------++-------
   Fire: Shortbow          |   129 |   135 |    73 ||   337
    Use: Scroll            |     7 |     8 |     1 ||    16
         Potion            |     1 |     1 |     1 ||     3
 Armour: Leather armour    |     3 |       |       ||     3
         Scale mail        |     6 |    51 |    26 ||    83
  Dodge: Dodged            |    15 |    31 |    14 ||    60

Table legend:
 A = Non-vault XP
 B = Vault XP
 C = Vault XP percentage of total XP
 D = Non-vault monster count
 E = Vault monster count
 F = Vault count percentage of total count
                 A         B        C        D         E       F
            +---------+---------+-------+---------+---------+-------
      Total |     561 |     355 |  38.8 |      84 |      15 |  15.2
            +---------+---------+-------+---------+---------+-------
        D:1 |      37 |       0 |   0.0 |      23 |       0 |   0.0
        D:2 |      48 |       0 |   0.0 |      23 |       0 |   0.0
        D:3 |      61 |       0 |   0.0 |      10 |       0 |   0.0
        D:4 |     415 |     292 |  41.3 |      28 |       8 |  22.2
      Sewer |       0 |      63 | 100.0 |       0 |       7 | 100.0
            +---------+---------+-------+---------+---------+-------
